 Dungeon Crawl Stone Soup version 0.24.1-14-gf8d2b509d9 (webtiles) character file.

Game seed: 8611487235684442221, levelgen mode: deterministic

24938 Chiseanne the Fighter (level 13, -3/159 HPs)
             Began as a Gnoll Wanderer on June 1, 2020.
             Was an Initiate of Gozag.
             Slain by Agnes
             ... wielding a +2 vampiric lajatang
              (21 damage)
             ... on level 15 of the Dungeon.
             The game lasted 00:59:48 (13852 turns).

Chiseanne the Fighter (Gnoll Wanderer)             Turns: 13852, Time: 00:59:48

Health: -3/159     AC: 23    Str: 24    XL:     13   Next: 16%
Magic:  24/24      EV: 15    Int: 16    God:    Gozag
Gold:   1870       SH:  2    Dex: 17    Spells: 24/27 levels left

rFire    + + .     SeeInvis +   a - +0 great sword (vamp)
rCold    + . .     Gourm    .   (shield currently unavailable)
rNeg     . . .     Faith    .   C - +2 scale mail {rPois}
rPois    +         Spirit   .   G - +1 helmet
rElec    .         Reflect  +   g - scarf {rC+ rF+}
rCorr    .         Harm     .   B - +1 pair of gloves "Miull" {rF+ Str+3}
MR       .....                  K - +2 pair of boots
Stlth    ..........             I - +2 amulet of reflection
HPRegen  0.36/turn              p - +5 ring of protection
MPRegen  0.19/turn              J - ring of see invisible

@: berserking, barbed spikes, gold aura, very quick
A: distributed training, fangs 1, strong nose
a: Potion Petition, Call Merchant, Bribe Branch, Renounce Religion


You were on level 15 of the Dungeon.
You worshipped Gozag.
Gozag was most pleased with you.
You were full.

You visited 2 branches of the dungeon, and saw 16 of its levels.

You collected 4222 gold pieces.
You spent 867 gold pieces at shops.
You paid 1485 gold pieces to Gozag.

Inventory:

Hand Weapons
 a - a +0 vampiric great sword (weapon)
 s - a +1 quarterstaff of protection
 w - a +2 hunting sling of freezing
 F - a +2 trident of protection
Missiles
 e - 533 arrows
 h - 3 stones
 j - 121 sling bullets
 m - 21 boomerangs (quivered)
 n - 74 poisoned darts
 q - 6 curare-tipped darts
 y - 6 javelins
 A - 40 bolts
Armour
 g - a scarf of resistance (worn)
 B - the +1 pair of gloves "Miull" (worn) {rF+ Str+3}
   (You bought it in a shop on level 9 of the Dungeon)

   It affects your strength (+3).
   It protects you from fire.
 C - a +2 scale mail of poison resistance (worn)
 E - the +2 chain mail "Betius" {Dex+4, unknown}
   (You bought it in a shop on level 10 of the Dungeon)

   It affects your dexterity (+4).
 G - a +1 helmet (worn)
 K - a +2 pair of boots (worn)
Jewellery
 p - a +5 ring of protection (left hand)
 I - a +2 amulet of reflection (around neck)
 J - a ring of see invisible (right hand)
 O - an uncursed amulet of regeneration
 Q - an uncursed ring of flight
Wands
 k - a wand of enslavement (9)
 D - a wand of flame (15)
 N - a wand of digging (8)
Scrolls
 b - 2 scrolls of teleportation
 o - a scroll of remove curse
 u - a scroll of amnesia
 x - 2 scrolls of blinking
Potions
 c - 6 potions of lignification
 d - a potion of degeneration {unknown}
 i - 2 potions of cancellation
 l - a potion of resistance
 r - 4 potions of curing
 v - 3 potions of brilliance
 H - a potion of mutation
 P - 3 potions of flight
Comestibles
 f - 21 rations


   Skills:
 + Level 11.4 Fighting
 + Level 9.2 Short Blades
 + Level 7.9 Long Blades
 + Level 7.9 Axes
 + Level 7.9 Maces & Flails
 + Level 7.9 Polearms
 + Level 7.9 Staves
 + Level 7.9 Slings
 + Level 7.9 Bows
 + Level 7.9 Crossbows
 + Level 7.9 Throwing
 + Level 9.2 Armour
 + Level 7.9 Dodging
 + Level 8.3 Stealth
 + Level 7.9 Shields
 + Level 7.9 Unarmed Combat
 + Level 7.9 Spellcasting
 + Level 6.5 Conjurations
 + Level 6.5 Hexes
 + Level 6.5 Charms
 + Level 6.5 Summonings
 + Level 6.5 Necromancy
 + Level 6.5 Translocations
 + Level 6.5 Transmutations
 + Level 6.5 Fire Magic
 + Level 6.5 Ice Magic
 + Level 6.5 Air Magic
 + Level 6.5 Earth Magic
 + Level 6.5 Poison Magic
 + Level 8.6 Invocations
 + Level 8.3 Evocations


You had 24 spell levels left.
You knew the following spells:

 Your Spells              Type           Power        Failure   Level  Hunger
a - Confuse               Hex            ####....     4%          3    ##.....

Your spell library contained the following spells:

 Spells                   Type           Power        Failure   Level  Hunger
 Beastly Appendage        Tmut           ####..       1%          1    None
 Confusing Touch          Hex            ####..       1%          1    None
 Freeze                   Ice            ####         1%          1    None
 Summon Small Mammal      Summ           ####         1%          1    None
 Throw Frost              Conj/Ice       ####..       2%          2    None
 Call Canine Familiar     Summ           ####....     4%          3    ##.....
 Gell's Gravitas          Tloc           ####......   4%          3    ##.....
 Ozocubu's Armour         Chrm/Ice       ####....     4%          3    ##.....
 Recall                   Summ/Tloc      N/A          4%          3    ##.....
 Spider Form              Tmut/Pois      ####......   4%          3    ##.....
 Animate Dead             Necr           N/A          16%         4    ####...
 Cause Fear               Hex            ####......   16%         4    ####...
 Petrify                  Tmut/Erth      ####....     16%         4    ####...
 Summon Ice Beast         Ice/Summ       ####....     16%         4    ####...
 Throw Icicle             Conj/Ice       ####....     16%         4    ####...
 Borgnjor's Vile Clutch   Necr/Erth      ####......   41%         5    #####..
 Metabolic Englaciation   Hex/Ice        ####......   41%         5    #####..
 Silence                  Hex/Air        ####......   41%         5    #####..
 Yara's Violent Unravell  Hex/Tmut       ####......   41%         5    #####..
 Death Channel            Necr           ####......   94%         6    #######
 Deflect Missiles         Chrm/Air       ####......   94%         6    #######
 Simulacrum               Ice/Necr       ####......   94%         6    #######
 Discord                  Hex            ####......   100%        8    #######


Dungeon Overview and Level Annotations

Branches:
Dungeon (15/15)            Temple (1/1) D:6            Lair (0/6) D:9
    Orc (0/2) D:10         Vaults (0/5) D:14
 Depths: D:15

Altars:
Ashenzari
Cheibriados
Dithmenos
Elyvilon
Gozag
Hepliaklqana
Kikubaaqudgha
Makhleb
Okawaru
Sif Muna
Vehumet
Wu Jian
Yredelemnul
Zin
The Shining One

Shops:
D:4 (   D:9 [   D:10 [   D:12 (   D:13 (

Annotations:
D:6 2 transporters, Mryle's ghost, novice DEFE
D:15 Agnes


Innate Abilities, Weirdness & Mutations

Your experience applies equally to all skills.
You have very sharp teeth.
Your uncanny sense of smell can sniff out nearby items.


Message History

Agnes hits you with a +2 vampiric lajatang!
* * * LOW HITPOINT WARNING * * *
The manticore bites you but does no damage.
The manticore barely misses you.
The manticore claws you but does no damage.
You miss Agnes.
Agnes is lightly wounded.
Agnes misses you.
Agnes hits you with a +2 vampiric lajatang.
* * * LOW HITPOINT WARNING * * *
Agnes draws strength from your wounds! You block the manticore's attack. x2
The manticore closely misses you.
You slash the manticore! Your bite misses the manticore.
The manticore is moderately wounded.
Agnes hits you with a +2 vampiric lajatang!!
* * * LOW HITPOINT WARNING * * *
Agnes draws strength from your wounds!
Agnes hits you with a +2 vampiric lajatang!!
You die...
Your body crumbles into a pile of gold.

###### #..........#
#....###..........#
####...........).....#
#....................###
##.......................
#........................
#..........######'##....
##..........#....H..#....
............#...@...# ...
#####?......#..i....# ..
#...#.......#.......# ∆
#...#.......#........#
#...'.#####.###+##...#
#.^.#.# +......#####.....
#...#.#
#................#
#...#.#
#..<.............+
#...#.#
#................#


You could see Agnes and a manticore.

Vanquished Creatures
  An ice dragon (D:14)
  4 centaur warriors
  A two-headed ogre (D:12)
  A tengu warrior (D:15)
  An iron troll (D:14)
  An unseen horror (D:14)
  An oklob plant (D:11)
  An ugly thing (D:11)
  3 cyclopes
  A manticore (D:12)
  Joseph (D:8)
  2 centaur zombies
  A guardian serpent (D:14)
  4 centaur skeletons
  A gargoyle (D:10)
  A rime drake (D:14)
  A komodo dragon (shapeshifter) (D:14)
  2 polar bears (D:14)
  A queen bee (shapeshifter) (D:13)
  3 trolls
  3 meliai (D:14)
  3 hornets
  4 hippogriffs
  3 wyverns
  A vampire (D:10)
  A human (D:10)
  19 yaks
  2 hungry ghosts (D:11)
  2 vampire mosquitoes (D:15)
  3 basilisks (D:9)
  An acid dragon (D:9)
  2 water moccasins (D:11)
  A black bear (shapeshifter) (D:14)
  6 orc warriors
  A black bear (D:10)
  2 sky beasts
  An eye of draining (D:14)
  3 necrophages
  A wolf (D:14)
  2 ogres
  2 phantoms
  3 ice beasts
  12 centaurs
  A crocodile (D:13)
  2 big kobolds
  6 bullfrogs
  A water moccasin zombie (D:7)
  A hornet simulacrum (D:14)
  9 killer bees
  5 wights (D:14)
  An oklob sapling (D:11)
  12 howler monkeys
  5 crimson imps
  A quasit (D:9)
  7 hounds
  8 orc priests
  2 jellies
  2 bullfrog skeletons
  2 iguanas
  13 orc wizards
  4 worker ants
  2 worker ant zombies
  A hound skeleton (D:10)
  6 gnolls
  9 adders
  2 shadow imps
  2 adder zombies (D:6)
  An adder skeleton (D:2)
  5 worms
  A dart slug (D:3)
  7 leopard geckos
  35 orcs
  2 giant cockroaches
  3 goblins
  3 hobgoblins
  15 jackals
  14 kobolds
  2 quokkas
  9 ball pythons
  4 bats
  4 frilled lizards
  2 rats
  5 plants (D:11)
326 creatures vanquished.

Vanquished Creatures (others)
  A bush (D:11)
  A plant (D:11)
  3 toadstools (D:5)
5 creatures vanquished.

Grand Total: 331 creatures vanquished

Notes
Turn   | Place    | Note
-------+----------+-------------------------------------------
     0 | D:1      | Chiseanne the Gnoll Wanderer began the quest for the Orb.
     0 | D:1      | Chiseanne set off with the following items: a +2 short
                  | sword, a scroll of teleportation, a potion of
                  | lignification, a +0 robe, a ration
     0 | D:1      | Reached XP level 1. HP: 26/26 MP: 2/2
    88 | D:1      | Reached XP level 2. HP: 33/33 MP: 3/3
   323 | D:2      | Reached XP level 3. HP: 27/38 MP: 4/4
   636 | D:3      | Reached skill level 1 in Invocations
   663 | D:3      | Reached skill level 1 in Long Blades
   663 | D:3      | Reached skill level 1 in Axes
   663 | D:3      | Reached skill level 1 in Maces & Flails
   663 | D:3      | Reached skill level 1 in Polearms
   663 | D:3      | Reached skill level 1 in Staves
   663 | D:3      | Reached skill level 1 in Slings
   663 | D:3      | Reached skill level 1 in Bows
   663 | D:3      | Reached skill level 1 in Crossbows
   663 | D:3      | Reached skill level 1 in Throwing
   663 | D:3      | Reached skill level 1 in Dodging
   663 | D:3      | Reached skill level 1 in Shields
   663 | D:3      | Reached skill level 1 in Unarmed Combat
   663 | D:3      | Reached skill level 1 in Spellcasting
   883 | D:2      | Reached XP level 4. HP: 45/45 MP: 6/6
  1024 | D:3      | Reached skill level 1 in Conjurations
  1024 | D:3      | Reached skill level 1 in Hexes
  1024 | D:3      | Reached skill level 1 in Charms
  1024 | D:3      | Reached skill level 1 in Summonings
  1024 | D:3      | Reached skill level 1 in Necromancy
  1024 | D:3      | Reached skill level 1 in Translocations
  1024 | D:3      | Reached skill level 1 in Transmutations
  1024 | D:3      | Reached skill level 1 in Fire Magic
  1024 | D:3      | Reached skill level 1 in Ice Magic
  1024 | D:3      | Reached skill level 1 in Air Magic
  1024 | D:3      | Reached skill level 1 in Earth Magic
  1024 | D:3      | Reached skill level 1 in Poison Magic
  1242 | D:3      | Found an ancient bone altar of Kikubaaqudgha.
  1735 | D:4      | Reached XP level 5. HP: 33/51 MP: 7/7
  1972 | D:4      | Found a basalt altar of Yredelemnul.
  2089 | D:4      | Reached XP level 6. HP: 57/57 MP: 8/8
  2173 | D:4      | Found Fijau's Antique Weapon Boutique.
  2230 | D:4      | Reached skill level 5 in Short Blades
  2230 | D:4      | Reached skill level 5 in Armour
  2251 | D:5      | Entered Level 5 of the Dungeon
  2345 | D:5      | Found a glowing golden altar of the Shining One.
  2378 | D:5      | Reached XP level 7. HP: 59/63 MP: 10/10
  2444 | D:5      | Found a radiant altar of Vehumet.
  2713 | D:6      | Found a transporter.
  2715 | D:6      | Found a transporter.
  2715 | D:6      | Noticed Mryle's ghost (novice DEFE)
  2722 | D:6      | Noticed a queen bee
  3039 | D:5      | HP: 3/63 [orc priest/divine providence (10)]
  3041 | D:5      | Reached skill level 9 in Fighting
  3370 | D:6      | Reached XP level 8. HP: 70/71 MP: 12/12
  3965 | D:6      | Found a staircase to the Ecumenical Temple.
  3969 | Temple   | Entered the Ecumenical Temple
  3991 | Temple   | Became a worshipper of Gozag Ym Sagoz the Greedy
  4175 | D:6      | Found a faded altar of an unknown god.
  4175 | D:6      | Found a faded altar of an unknown god.
  4188 | D:6      | Found a shimmering blue altar of Sif Muna.
  4190 | D:6      | Found a shattered altar of Ashenzari.
  4191 | D:6      | Found an iron altar of Okawaru.
  4901 | D:7      | Reached XP level 9. HP: 76/76 MP: 14/14
  4906 | D:7      | Learned a level 3 spell: Confuse
  5577 | D:7      | Found a snail-covered altar of Cheibriados.
  5578 | D:7      | Found a shadowy altar of Dithmenos.
  5793 | D:7      | Reached skill level 5 in Evocations
  5927 | D:8      | Noticed a hornet
  5932 | D:8      | Paralysed by a hornet for 1 turns
  5935 | D:8      | Killed a hornet
  5935 | D:8      | Reached skill level 5 in Stealth
  6203 | D:8      | Found a glowing silver altar of Zin.
  6280 | D:8      | Noticed Joseph
  6311 | D:8      | Killed Joseph
  6311 | D:8      | Reached skill level 5 in Invocations
  6563 | D:9      | Reached XP level 10. HP: 68/84 MP: 15/17
  6902 | D:9      | Bought the +1 pair of gloves "Miull" {rF+ Str+3} for 327
                  | gold pieces
  6916 | D:9      | Found an ornate altar of the Wu Jian Council.
  6945 | D:9      | Reached skill level 5 in Long Blades
  6945 | D:9      | Reached skill level 5 in Axes
  6945 | D:9      | Reached skill level 5 in Maces & Flails
  6945 | D:9      | Reached skill level 5 in Polearms
  6945 | D:9      | Reached skill level 5 in Staves
  6945 | D:9      | Reached skill level 5 in Slings
  6945 | D:9      | Reached skill level 5 in Bows
  6945 | D:9      | Reached skill level 5 in Crossbows
  6945 | D:9      | Reached skill level 5 in Throwing
  6945 | D:9      | Reached skill level 5 in Dodging
  6945 | D:9      | Reached skill level 5 in Shields
  6945 | D:9      | Reached skill level 5 in Unarmed Combat
  6945 | D:9      | Reached skill level 5 in Spellcasting
  7304 | D:9      | Reached skill level 10 in Fighting
  7354 | D:9      | Found a staircase to the Lair.
  7465 | D:9      | Bought a +2 scale mail of poison resistance for 198 gold
                  | pieces
  7777 | D:10     | Entered Level 10 of the Dungeon
  7907 | D:10     | Identified a scroll of acquirement
  7940 | D:10     | Bought a bloodstained chain mail for 342 gold pieces
  8642 | D:10     | Noticed a gargoyle
  8645 | D:10     | Killed a gargoyle
  8651 | D:10     | Reached XP level 11. HP: 87/91 MP: 19/19
  8982 | D:10     | Found a staircase to the Orcish Mines.
  9151 | D:11     | Reached skill level 5 in Conjurations
  9151 | D:11     | Reached skill level 5 in Hexes
  9151 | D:11     | Reached skill level 5 in Charms
  9151 | D:11     | Reached skill level 5 in Summonings
  9151 | D:11     | Reached skill level 5 in Necromancy
  9151 | D:11     | Reached skill level 5 in Translocations
  9151 | D:11     | Reached skill level 5 in Transmutations
  9151 | D:11     | Reached skill level 5 in Fire Magic
  9151 | D:11     | Reached skill level 5 in Ice Magic
  9151 | D:11     | Reached skill level 5 in Air Magic
  9151 | D:11     | Reached skill level 5 in Earth Magic
  9151 | D:11     | Reached skill level 5 in Poison Magic
  9199 | D:11     | Caphalor: morgen. SpAs schon kaputt? :p
  9202 | D:11     | Chiseanne: ja, leider :D
  9202 | D:11     | Chiseanne: gutne morgen
  9235 | D:11     | Noticed an oklob plant
  9361 | D:11     | Caphalor: die pflanzen hab ich genau einmal unterschätzt
  9510 | D:11     | Chiseanne: jup, die sind fies
  9510 | D:11     | Chiseanne: leider ein sehr billiger dungeon so weit
  9528 | D:11     | Identified Sif Muna's Handbook of Nature
  9555 | D:11     | Caphalor: mein DeFe ist im lair. läuft gut soweit
  9558 | D:11     | Caphalor: mein letzter defe ist im swamp gestorben.. war
                  | auch mein erstes mal da drin
  9558 | D:11     | Chiseanne: cool, meistens haben die ja zu wenig fleisch zum
                  | überleben
  9558 | D:11     | Chiseanne: Du weisst das ab dem 5. ein Tournament läuft ?
  9558 | D:11     | Caphalor: ne
  9558 | D:11     | Chiseanne: ok also : ab dem 5. luft ein Tournament :D
  9558 | D:11     | Caphalor: cool. was ist besonders daran?
  9558 | D:11     | Chiseanne:
                  | https://crawl.develz.org/wordpress/last-0-25-updates-and-re
                  | leasetournament-date
  9558 | D:11     | Chiseanne: das ist ein 1. monatiges Tournament
  9558 | D:11     | Chiseanne: Du bekommst für bestimmte Siege Punkte,
                  | natürlich für Runen aber auch für andere Sachen
  9558 | D:11     | Chiseanne: es gibt Bestenlisten
  9580 | D:11     | Chiseanne: man kann auch ein Team aufmachen und als Team
                  | Punkte erringen
  9580 | D:11     | Chiseanne: auch dafür gibt es Listen
  9586 | D:11     | Caphalor: hey cool
  9586 | D:11     | Caphalor: bemühe mich in der zeit um meinen ersten win x)
  9586 | D:11     | Caphalor: frage: wie lange dauert ein 15 rune win? in
                  | stunden
  9586 | D:11     | Chiseanne: wenn Du magst können wir ein Team machen. "We
                  | are the LOOSERS..." *sing*
  9586 | D:11     | Chiseanne: :D
  9602 | D:11     | Caphalor: spricht nichts dagegen ^^
  9637 | D:11     | Killed an oklob plant
  9653 | D:11     | Chiseanne: haha ok, wir werden wohl nichts reissen aber wir
                  | tunes trotzdem! das nenne ich Spirit
  9653 | D:11     | Chiseanne: ich mache ein Team auf wenn es so weit ist und
                  | lade Dich mit ein
  9675 | D:11     | Caphalor: Ja ^^ Reissen werd ich bestimmt nix
  9675 | D:11     | Caphalor: letzte woche hatte ich 2 runen mit einem DsCk
  9675 | D:11     | Chiseanne: ich habe schon ewig keinen Sieg mehr gehabt. Die
                  | nerfen was das Zeug hält undmachen alles immer schwerer um
                  | die wenigen guten zurückzuhalten. leider wird es dadurch
                  | teilweise unfair schwer
  9675 | D:11     | Caphalor: dann nach einem kurzen besuch bei den elfen
                  | prompt gestorben
  9675 | D:11     | Chiseanne: das schaffe ich regelmässig
  9675 | D:11     | Chiseanne: danach wirds komisch
  9675 | D:11     | Chiseanne: Elfen würde ich vermeiden wenn möglich
  9675 | D:11     | Chiseanne: zu hart für zu wenig loot
  9675 | D:11     | Caphalor: ja das hab ich mir für das nächste mal schon
                  | notiert
  9675 | D:11     | Caphalor: ich habe früher elfen einmal geschafft
  9675 | D:11     | Chiseanne: hast Du discord ?
  9675 | D:11     | Caphalor: jo
  9680 | D:11     | Chiseanne: wir könnten später ein wenig schnacken, dann
                  | kann ich Dir vielleicht ein paar grundlegende Dinge
                  | erklären, auch zum tournament. wenn es technisch und auch
                  | sont bei dir möglich ist
  9698 | D:11     | Paralysed by a hornet for 3 turns
  9975 | D:11     | Caphalor: Rana#7311
  9977 | D:11     | Caphalor: ja logisch, computer kann ich noch bedienen
  9977 | D:11     | Chiseanne: ok mom
  9977 | D:11     | Caphalor: so alt bin ich auch ned
  9977 | D:11     | Chiseanne: afk..mein essen *flitz*
  9977 | D:11     | Chiseanne: fast vergessen das ich esen auf dem herd hatte
  9977 | D:11     | Chiseanne: ich mach das gleich mit discord. ich ess mal
                  | eben. 10 minuten vielleicht und melde mich dann
  9977 | D:11     | Caphalor: Alles klar
  9977 | D:11     | Chiseanne: ok, habs reuschgeschickt
  9977 | D:11     | Chiseanne: *raus
 10307 | D:11     | Noticed a cyclops
 10308 | D:11     | Noticed a white ugly thing
 10328 | D:11     | Killed a cyclops
 10335 | D:11     | Killed a white ugly thing
 10643 | D:11     | Got a sheer robe
 10813 | D:12     | Found Keok's Weapon Emporium.
 10868 | D:12     | Noticed a manticore
 10878 | D:12     | Killed a manticore
 11042 | D:12     | Noticed a two-headed ogre
 11052 | D:12     | Killed a two-headed ogre
 11111 | D:12     | Noticed a cyclops
 11124 | D:12     | Killed a cyclops
 11228 | D:12     | Found a burning altar of Makhleb.
 11291 | D:12     | Reached XP level 12. HP: 99/99 MP: 22/22
 11403 | D:13     | Found Pich's Antique Weapon Shoppe.
 12144 | D:13     | Identified the cursed +1 robe of Chimes {Int+2} (You found
                  | it on level 11 of the Dungeon)
 12471 | D:14     | Reached skill level 11 in Fighting
 12475 | D:14     | Noticed a centaur warrior
 12486 | D:14     | Killed a centaur warrior
 12662 | D:14     | Noticed an iron troll
 12662 | D:14     | Noticed an ice dragon
 12674 | D:14     | Killed an ice dragon
 12679 | D:14     | Killed an iron troll
 12718 | D:14     | Found a gate to the Vaults.
 13049 | D:14     | Found a glowing silver altar of Zin.
 13270 | D:14     | Noticed a centaur warrior
 13279 | D:14     | Killed a centaur warrior
 13402 | D:15     | Entered Level 15 of the Dungeon
 13404 | D:15     | Noticed a centaur warrior
 13414 | D:15     | Killed a centaur warrior
 13414 | D:15     | Reached XP level 13. HP: 79/106 MP: 24/24
 13838 | D:15     | Noticed Agnes
 13852 | D:15     | Slain by Agnes

Levels and vault maps discovered:
D:1:      dpeg_arrival_brainrot, layout_loops_corners, minmay_shallow_snake_nest
D:2:      layout_loops_ring
D:3:      minmay_spotlight, layout_loops_ring, nicolae_overflow_crystal_walls,
          minivault_19, uniq_jessica
D:4:      minmay_angry_zag, layout_gridville, yredelemnul_altar_generic,
          serial_shops, kennysheep_mini
D:5:      layout_loops_corners, fedhas_altar_4, tso_metal_star, first_ration,
          basic_altar, minmay_gold_behind_fungi, serial_park_tiny_pond,
          uniq_duvessa
D:6:      layout_rooms, chequers_temple_overflow_minitemple,
          minmay_temple_entry_glassed_door, gammafunk_ghost_hive
D:7:      layout_basic, gammafunk_temple_overflow_statue
D:8:      layout_cave_pods, zin_academy, uniq_joseph
D:9:      layout_rooms, overflow_temple_1_default, erik_lair_dragon
D:10:     layout_rooms, orc_0_dummy, hangedman_stone_soup
D:11:     layout_basic, serial_glass, glass_columns_a, glass_columns_a,
          introduction_to_nature_2
D:12:     layout_roguey, basic_altar, serial_shops, shop
D:13:     layout_basic, serial_shops, kennysheep_little_box
D:14:     layout_irregular_city, david_vaults_4,
          portal_ice_cave_entry_animals_and_master, kennysheep_pointless_box,
          basic_altar, nrook_guardian_serpent_double
D:15:     grunt_enter_depths_snipers, layout_irregular_city, old_standard_altar,
          uniq_agnes
Temple:   jpeg_temple_clearing

Skill      XL: |  1  2  3  4  5  6  7  8  9 10 11 12 |
---------------+-------------------------------------+-----
Invocations    | 1 2 3 4 5 6 7 8 |  8.6
Long Blades    | 1 2 3 4 5 6 7 |  7.9
Axes           | 1 2 3 4 5 6 7 |  7.9
Maces & Flails | 1 2 3 4 5 6 7 |  7.9
Polearms       | 1 2 3 4 5 6 7 |  7.9
Staves         | 1 2 3 4 5 6 7 |  7.9
Slings         | 1 2 3 4 5 6 7 |  7.9
Bows           | 1 2 3 4 5 6 7 |  7.9
Crossbows      | 1 2 3 4 5 6 7 |  7.9
Throwing       | 1 2 3 4 5 6 7 |  7.9
Dodging        | 1 2 3 4 5 6 7 |  7.9
Shields        | 1 2 3 4 5 6 7 |  7.9
Unarmed Combat | 1 2 3 4 5 6 7 |  7.9
Spellcasting   | 1 2 3 4 5 6 7 |  7.9
Conjurations   | 1 2 3 4 5 6 |  6.5
Hexes          | 1 2 3 4 5 6 |  6.5
Charms         | 1 2 3 4 5 6 |  6.5
Summonings     | 1 2 3 4 5 6 |  6.5
Necromancy     | 1 2 3 4 5 6 |  6.5
Translocations | 1 2 3 4 5 6 |  6.5
Transmutations | 1 2 3 4 5 6 |  6.5
Fire Magic     | 1 2 3 4 5 6 |  6.5
Ice Magic      | 1 2 3 4 5 6 |  6.5
Air Magic      | 1 2 3 4 5 6 |  6.5
Earth Magic    | 1 2 3 4 5 6 |  6.5
Poison Magic   | 1 2 3 4 5 6 |  6.5
Evocations     | 3 4 5 6 7 8 |  8.3
Stealth        | 3 4 5 6 7 8 |  8.3
Short Blades   | 5 6 7 8 9 |  9.2
Armour         | 5 6 7 8 9 |  9.2
Fighting       | 9 10 11 | 11.4

Action                   |  1- 3 |  4- 6 |  7- 9 | 10-12 | 13-15 || total
-------------------------+-------+-------+-------+-------+-------++-------
Melee: Short sword       |    91 |   145 |   287 |       |       ||   523
       Bite              |    15 |    17 |    50 |   156 |     9 ||   247
       Punch             |     1 |     2 |     2 |       |       ||     5
       Great sword       |       |       |    62 |   760 |    62 ||   884
Throw: Stone             |     2 |       |     2 |       |       ||     4
       Dart              |       |       |    59 |    22 |       ||    81
       Boomerang         |       |       |    24 |    18 |       ||    42
 Cast: Confuse           |       |       |       |     8 |       ||     8
Invok: Call Merchant     |       |       |       |     2 |       ||     2
Evoke: Wand              |       |       |       |     9 |       ||     9
  Use: Scroll            |     1 |     9 |     5 |    13 |       ||    28
       Potion            |       |       |     1 |     5 |     3 ||     9
 Stab: Sleeping          |     3 |       |     1 |     3 |     1 ||     8
       Distracted        |       |       |     3 |     8 |     1 ||    12
       Confused          |       |       |       |     1 |       ||     1
  Eat: Chunk             |       |     5 |     5 |       |       ||    10
       Ration            |       |       |     4 |     9 |     2 ||    15
Armor: Robe              |     1 |       |       |       |       ||     1
       Ring mail         |    42 |    15 |       |       |       ||    57
       Scale mail        |       |    79 |   195 |   520 |    73 ||   867
Dodge: Dodged            |    31 |    76 |   232 |   721 |    51 ||  1111
Block: Other             |       |       |       |    27 |    13 ||    40
       Reflection        |       |       |       |     1 |       ||     1
       Rpst.: Great sword |       |       |    17 |   184 |     9 ||   210
